 Dungeon Crawl Stone Soup version 0.31-a0-1074-g0b22e4e0f1 (webtiles) character file.

Game seed: 272604175340983601

74 grandjackal the Ruffian (level 4, -1/41 HPs)
             Began as a Ghoul Monk on Nov 29, 2023.
             Slain by a +2 spectral club (6 damage)
             ... created by Jessica
             ... on level 2 of the Dungeon.
             The game lasted 00:01:38 (1409 turns).

grandjackal the Ruffian (Ghoul Monk)                Turns: 1409, Time: 00:01:39

Health: -1/41      AC:  3    Str: 14    XL:     4   Next: 28%
Magic:  3/3        EV: 12    Int: 11    God:
Gold:   37         SH:  0    Dex: 11    Spells: 3/3 levels left

rFire   . .          .
                       - Unarmed
rCold   + . .        c - orb {light}
rNeg    + + +        a - +0 robe
rPois   ∞            j - +0 helmet
rElec   .            (no cloak)
rCorr   .            (no gloves)
SInv    .            (no boots)
Will    .....        (no amulet)
Stlth   +            (no ring)
HPRegen 0.00/turn    (no ring)
MPRegen 0.08/turn

%: no passive effects
@: inhibited regen, glowing
A: claws 1, cold resistance 1, negative energy resistance 3, inhibited
regeneration, torment resistance 2, devour on kill
a: no special abilities


You were on level 2 of the Dungeon.
You visited 1 branch of the dungeon, and saw 2 of its levels.

You collected 37 gold pieces.

Inventory:

Armour
 a - a +0 robe (worn)
 c - an orb of light (worn)
 j - a +0 helmet (worn)
Scrolls
 d - 2 scrolls of fear {unknown}
 f - a scroll of identify {unknown}
 g - a scroll of silence {unknown}
 k - a scroll of enchant armour {unknown}
 l - a scroll of poison {unknown}
 n - a scroll of immolation {unknown}
Potions
 b - a potion of ambrosia
 e - a potion of enlightenment {unknown}
 h - a potion of resistance {unknown}
 i - a potion of degeneration {unknown}
 m - a potion of attraction {unknown}


   Skills:
 + Level 4.3 Fighting
 - Level 3.0 Dodging
 + Level 4.4 Unarmed Combat


You had 3 spell levels left.
You didn't know any spells.
Your spell library was empty.

Dungeon Overview and Level Annotations

Branches:
Dungeon (2/15)

Altars:

Annotations:
D:2 Jessica


Innate Abilities, Weirdness & Mutations

You are immune to poison.
You have sharp fingernails.
Your flesh is cold resistant. (rC+)
You are immune to negative energy. (rN+++)
You do not regenerate when monsters are visible.
You are immune to unholy pain and torment.
You thrive by killing the living.


Message History

No target in view!
No target in view!
An adder comes into view.
An adder is nearby!
You scratch the adder.
The adder is severely wounded.
The adder barely misses you.
You scratch the adder.
The adder is severely wounded.
The adder bites you.
You claw the adder!
You kill the adder!
You feel better.
No target in view!
No target in view!
Jessica the Apprentice Sorceress comes into view.
She is wielding a +2 spectral club.
Found a whip.
Jessica shouts!
Jessica casts a spell.
Jessica blinks!
Jessica moves out of view.
Found a scroll labelled BITTOPL QURAC.
Jessica barely misses you. The +2 spectral club hits you.
A +2 spectral club comes into view.
You scratch Jessica.
Jessica is heavily wounded.
The +2 spectral club hits you. x2
Jessica hits you with a +2 spectral club.
The +2 spectral club hits you!
You are too injured to fight recklessly!
You are too injured to fight recklessly!
You are too injured to fight recklessly!
You scratch Jessica but do no damage.
Jessica is heavily wounded.
Jessica closely misses you. The +2 spectral club hits you!
* * * LOW HITPOINT WARNING * * *
Unknown command.
You scratch Jessica.
Jessica is severely wounded.
The +2 spectral club hits you.
You die...

##....# ##.#.#.........♣♣
##....#
###.............♣♣
......###[..#.####...##♣♣
####.......##.# ##..#
#..#.......# #..#
####.......##.# #..#
.##..#.#....#.## #.##
.##..#...##....###..#
.....##..###....@@..##
.###.##(..###....(.....#
.# #.#..#<.##.###..###..
.# #.#.# #.##)# #.# ##
#... #.# ... ##. ..# .?.#
## ### ..# ..#


You could see a +2 spectral club and Jessica.

Vanquished Creatures
  Robin (D:2)
  An adder (D:2)
  A dart slug (D:1)
  2 endoplasms
  16 goblins
  3 hobgoblins (D:1)
  2 jackals (D:2)
  5 kobolds
  3 quokkas
  3 ball pythons
  4 bats (D:1)
  A frilled lizard (D:1)
  3 rats (D:1)
45 creatures vanquished.

Notes
Turn   | Place    | Note
-------+----------+-------------------------------------------
     0 | D:1      | grandjackal the Ghoul Monk began the quest for the Orb.
     0 | D:1      | Reached XP level 1. HP: 19/19 MP: 0/0
   128 | D:1      | Reached XP level 2. HP: 25/26 MP: 1/1
   810 | D:2      | Reached XP level 3. HP: 28/33 MP: 2/2
   813 | D:2      | Noticed Robin
  1009 | D:2      | Killed Robin
  1148 | D:2      | Reached XP level 4. HP: 40/40 MP: 3/3
  1400 | D:2      | Noticed Jessica
  1409 | D:2      | Slain by a +2 spectral club

Illustrated notes

Levels and vault maps discovered:
D:1:      amcnicky_arrival_gap_in_the_tavern_cellar, layout_basic,
          dreamdust_ecumenical_altar_hidden_monk_grotto, palyth_stone_intersect
D:2:      layout_rooms, uniq_robin, uniq_jessica, uniq_crazy_yiuf_cottage

Skill      XL: |  1  2  3 |
---------------+----------+-----
Dodging        | 3 |  3.0
Unarmed Combat | 4 |  4.4
Fighting       | 4 |  4.3

Action                     |  1- 3 |  4- 6 || total
---------------------------+-------+-------++-------
  Melee: Unarmed           |    85 |    15 ||   100
 Armour: Robe              |    49 |    15 ||    64
  Dodge: Dodged            |    38 |     8 ||    46

Table legend: (Time is in decaauts)
 A = Elapsed time spent in this place.
 B = Non-inter-level travel time spent in this place.
 C = Inter-level travel time spent in this place.
 D = Time resting spent in this place.
 E = Time spent auto-exploring this place.
 F = Levels seen in this place.
 G = Mean time per level.
                   A        B        C        D        E       F      G
               +--------+--------+--------+--------+--------+-----+--------+
         Total |   1404 |   1379 |     25 |    233 |    905 |   2 |  702.0 |
       Dungeon |   1404 |   1379 |     25 |    233 |    905 |   2 |  702.0 |
               +--------+--------+--------+--------+--------+-----+--------+

Top non-repeatable levels by time:
     D:1: 1007 daAuts
     D:2: 397 daAuts
